AoeStats
← my_time_my_map

Nomad

509950973Analyzed
2v2 RM · 2d ago on Sep 28, 2026· 32m 44s· 4 players
Game mode
Random Map
Map size
176×176
Population
200
Speed
Normal
Resources
Standard
Victory
Conquest
Starting age
Dark Age
Ending age
Imperial Age
RankedLock teamsTeams togetherTeam positionsShared explorationLock speedFull tech treeHidden civsTurbo modeCheats
Victory
Defeat
🇹🇷 Turks · Türkiye
991
+14
🇨🇿 Persians · Czechia
913
+18
🇸🇪 Danes · Sweden
981
-17
🇸🇪 Muisca · Sweden
928
-15
macke
8:38 Loom
14:32 Feudal Age
14:46 Man-at-Arms
16:09 Arson
17:18 Forging
26:09 Fletching
26:43 Fishing Lines
31:35 Double-Bit Axe
kvarten
10:03 Loom
16:38 Feudal Age
17:02 Loom
17:27 Double-Bit Axe
17:12 Champi Runner
18:34 Fishing Lines
27:23 Forging
27:13 Scale Mail Armor
28:12 Gold Mining
28:13 Stone Mining
29:43 Wheelbarrow
33:20 Castle Age
32:08 Fletching
32:18 Padded Archer Armor
WHİTE.MAN.TR
14:34 Feudal Age
15:50 Double-Bit Axe
21:23 Castle Age
20:24 Stone Mining
28:00 Bow Saw
27:42 Gold Mining
28:53 Fletching
29:04 Padded Archer Armor
30:29 Bodkin Arrow
my_time_my_map
16:12 Feudal Age
15:34 Loom
17:13 Fishing Lines
17:13 Man-at-Arms
21:13 Scale Mail Armor
21:24 Forging
21:22 Fletching
25:58 Castle Age
25:46 Bloodlines
Connection lost

Rejoining the realm…

Still unreachable

The connection could not be restored.

Session expired

The server has moved on; the page needs a fresh start.